 Dungeon Crawl Stone Soup version 0.31.0-4-g52a2dc7128 (webtiles) character file.

Game seed: 568745331795082987

7 BeingJoeMalik the Sneak (level 2, -1/24 HPs)
             Began as a Merfolk Delver on Jan 23, 2024.
             Was an Initiate of Okawaru.
             Slain by a quokka (3 damage)
             ... on level 2 of the Dungeon.
             The game lasted 00:05:10 (536 turns).

BeingJoeMalik the Sneak (Merfolk Delver)             Turns: 536, Time: 00:05:11

Health: -1/24      AC:  3    Str: 17    XL:     2   Next: 0%
Magic:  2/2        EV: 12    Int:  9    God:    Okawaru [......]
Gold:   0          SH:  0    Dex: 15    Spells: 1/1 levels left

rFire   + . .        a - +0 spear
rCold   . . .        (no shield)
rNeg    . . .        b - +0 leather armour
rPois   .            (no helmet)
rElec   +            (no cloak)
rCorr   .            (no gloves)
SInv    .            (no boots)
Will    .....        (no amulet)
Stlth   +++          h - ring of Acoi {rElec rF+ Str+5}
HPRegen 0.24/turn    (no ring)
MPRegen 0.08/turn

%: no passive effects
@: no status effects
A: (nimble swimmer 2), mertail
a: Renounce Religion


You were on level 2 of the Dungeon.
You worshipped Okawaru.
Okawaru was noncommittal.
You visited 1 branch of the dungeon, and saw 4 of its levels.

Inventory:

Hand Weapons
 a - a +0 spear (weapon)
Armour
 b - a +0 leather armour (worn)
Jewellery
 h - the ring of Acoi (left hand) {rElec rF+ Str+5}
   (You found it on level 5 of the Dungeon)

   [ring of protection from fire]

   Str+5:     It affects your strength (+5).
   rF+:       It protects you from fire.
   rElec:     It insulates you from electricity.
Wands
 g - a wand of digging (3)
Scrolls
 c - a scroll of fog


   Skills:
 - Level 3.2 Fighting
 + Level 3.6 Polearms
 - Level 2.6 Dodging
 - Level 5.4 Stealth


You had one spell level left.
You didn't know any spells.
Your spell library was empty.

Dungeon Overview and Level Annotations

Branches:
Dungeon (5/15)
 Temple: D:4-7

Altars:
Ashenzari
Okawaru
Qazlal

Annotations:
D:4 Sigmund


Innate Abilities, Weirdness & Mutations

((You are very nimble when in or above water. (Stealth+, EV+, Speed+++)))
Your lower body shifts to a powerful aquatic tail in water.


Message History

The ball python barely misses you. The ball python completely misses you.
The ball python hisses angrily.
The kobold shouts!
The kobold closely misses you.
The ball python attacks as it pursues you!
The ball python misses you. The ball python grabs you.
The ball python constricts you.
* * * LOW HITPOINT WARNING * * *
The ball python bites you.
* * * LOW HITPOINT WARNING * * *
The kobold barely misses you.
You escape the ball python's grasp.
The bat closely misses you.
The ball python attacks as it pursues you!
The ball python completely misses you. The ball python grabs you.
The ball python constricts you.
* * * LOW HITPOINT WARNING * * *
The kobold hits you but does no damage.
Unknown command.
Unknown command.
You escape the ball python's grasp.
Unknown command.
Unknown command.
The bat attacks as it pursues you! The bat closely misses you.
The bat hits you but does no damage.
The ball python attacks as it pursues you!
The ball python closely misses you. The ball python grabs you.
The ball python constricts you.
* * * LOW HITPOINT WARNING * * *
Unknown command.
You escape the ball python's grasp.
A quokka comes into view.
Unknown command.
The bat closely misses you. The bat closely misses you.
You hit the quokka but do no damage. The bat completely misses you.
The bat hits you but does no damage. The quokka barely misses you.
You barely miss the quokka. The bat hits you.
* * * LOW HITPOINT WARNING * * *
The quokka twitches its whiskers.
The quokka bites you.
You die...

#..## . #..#### ##.
#>...# #...# ####..
#.#..#########....
#.#............###
#.#........#####
#r#......?.#
#@#........#
#b#........#
#S#........#
####S#........#
##..hK#.......%##
##.....#.........####
#.......####.###....# .
#.......# ##.# ##...#>.
#.......###..####......


You could see a black bear, a quokka, a bat, 2 ball pythons and a kobold.

Vanquished Creatures
  2 orcs (D:4)
  2 endoplasms (D:4)
4 creatures vanquished.

Notes
Turn   | Place    | Note
-------+----------+-------------------------------------------
     0 | D:5      | BeingJoeMalik the Merfolk Delver began the quest for the
                  | Orb.
     0 | D:5      | Reached XP level 1. HP: 18/18 MP: 1/1
     6 | D:5      | Found a broken altar of Ashenzari.
     7 | D:5      | Noticed an ogre
    18 | D:5      | Found a stormy altar of Qazlal.
    24 | D:5      | Identified the ring of Acoi {rElec rF+ Str+5}
    34 | D:4      | Noticed a black bear
   108 | D:4      | Noticed a hound
   154 | D:4      | Found an iron altar of Okawaru.
   158 | D:4      | Became a worshipper of Warmaster Okawaru
   224 | D:4      | Noticed Sigmund
   286 | D:4      | Reached XP level 2. HP: 16/24 MP: 2/2
   536 | D:2      | Slain by a quokka

Illustrated notes

Levels and vault maps discovered:
D:2:      layout_rooms, serial_shops, shop
D:3:      layout_rooms, chequers_temple_overflow_statue_of_worship
D:4:      nicolae_cairo_tiling_large_dashed, layout_loops_ring,
          makhleb_altar_promises_db, mainiacjoe_overflow_brackets, uniq_sigmund
D:5:      layout_rooms, mainiacjoe_overflow_catwalk,
          mainiacjoe_overflow_alcove_1

Skill      XL: |  1 |
---------------+----+-----
Polearms       | 3 |  3.6
Fighting       | |  3.2
Dodging        | |  2.6
Stealth        | |  5.4

Action                     || total
---------------------------++-------
  Melee: Spear             ||    31
    Use: Scroll            ||     2
         Potion            ||     1
   Stab: Sleeping          ||     1
 Armour: Leather armour    ||    32
  Dodge: Dodged            ||    60
